 Seeded DCSS version 0.29-a0-2-g12fcac5 (webtiles) character file.

Game seed: 7806067979133467332 (custom seed)

352 Geeful the Digger (level 6, -6/44 HPs)
             Began as a Gnoll Earth Elementalist on Jan 26, 2022.
             Was a Believer of Cheibriados.
             Killed from afar by an orc wizard (10 damage)
             ... with a puff of flame
             ... on level 3 of the Dungeon.
             The game lasted 00:10:12 (3319 turns).

Geeful the Digger (Gnoll Earth Elementalist)        Turns: 3319, Time: 00:10:12

Health: -6/44      AC:  3    Str: 15 (17) XL:     6   Next: 62%
Magic:  14/14      EV: 14    Int: 18 (19) God:    Cheibriados [**....]
Gold:   36         SH:  0    Dex: 14 (17) Spells: 14/15 levels left

rFire   . . .      SeeInvis .   p - +4 dagger (venom)
rCold   . . .      Faith    .   (no shield)
rNeg    . . .      Spirit   .   b - +0 robe
rPois   .          Reflect  .   (no helmet)
rElec   .          Harm     .   n - +0 cloak
rCorr   .          Rampage  .   (no gloves)
Will    .....                   (no boots)
Stlth   ++........              h - amulet of the acrobat
HPRegen 0.14/turn               (no ring)
MPRegen 0.14/turn               (no ring)

@: confused, attractive, very slow
A: fangs 1, strong nose, distributed training, camouflage 1, strong 1
a: Renounce Religion, Bend Time


You were on level 3 of the Dungeon.
You worshipped Cheibriados.
Cheibriados was pleased with you.
You visited 1 branch of the dungeon, and saw 3 of its levels.

You collected 36 gold pieces.

Inventory:

Hand Weapons
 e - a +0 short sword
 p - a +4 dagger of venom (weapon)
Missiles
 c - 4 stones
Armour
 b - a +0 robe (worn)
 d - a +0 buckler
 n - a +0 cloak (worn)
Jewellery
 h - an amulet of the acrobat (around neck)
Scrolls
 a - 2 scrolls of identify {unknown}
 f - a scroll of teleportation {unknown}
 g - a scroll of noise {unknown}
 k - 3 scrolls of immolation {unknown}
 o - a scroll of magic mapping {unknown}
 q - 2 scrolls of holy word {unknown}
Potions
 l - a potion of magic


   Skills:
 + Level 2.0 Fighting
 + Level 2.0 Short Blades
 + Level 2.0 Long Blades
 + Level 2.0 Axes
 + Level 2.0 Maces & Flails
 + Level 2.0 Polearms
 + Level 2.0 Staves
 + Level 2.0 Slings
 + Level 2.0 Bows
 + Level 2.0 Crossbows
 + Level 2.0 Throwing
 + Level 2.0 Armour
 + Level 5.0 Dodging
 + Level 4.6 Stealth
 + Level 2.0 Shields
 + Level 2.0 Unarmed Combat
 + Level 5.4 Spellcasting
 + Level 1.6 Conjurations
 + Level 1.6 Hexes
 + Level 1.6 Summonings
 + Level 1.6 Necromancy
 + Level 1.6 Translocations
 + Level 2.7 Transmutations
 + Level 1.6 Fire Magic
 + Level 1.6 Ice Magic
 + Level 1.6 Air Magic
 + Level 5.7 Earth Magic
 + Level 1.6 Poison Magic
 + Level 2.2 Invocations
 + Level 2.0 Evocations


You had 14 spell levels left.
You knew the following spells:

 Your Spells              Type           Power      Damage    Failure   Level
a - Sandblast             Erth           50%        2d12      1%          1

Your spell library contained the following spells:

 Spells                   Type           Power      Damage    Failure   Level
 Passwall                 Tmut/Erth      16%        N/A       3%          2
 Stone Arrow              Conj/Erth      36%        3d9       9%          3
 Static Discharge         Conj/Air       10%        N/A       10%         2
 Tukima's Dance           Hex            10%        N/A       21%         3
 Petrify                  Tmut/Erth      20%        N/A       22%         4
 Anguish                  Hex/Necr       5%         N/A       54%         4
 Lightning Bolt           Conj/Air       5%         1d17      88%         5
 Enfeeble                 Hex            5%         N/A       100%        7
 Maxwell's Capacitive Co  Air            5%         ∞         100%        8


Dungeon Overview and Level Annotations

Branches:
Dungeon (3/15)

Altars:
Cheibriados


Innate Abilities, Weirdness & Mutations

You have very sharp teeth.
Your uncanny sense of smell can sniff out nearby items.
Your experience applies equally to all skills.
Your skin changes colour to match your surroundings (Stealth+).
Your muscles are strong. (Str +2)


Message History

You feel less confused. Something hits you.
You completely miss something.
You hear some strange, mumbled words.
Something tries to affect you, but you resist.
You barely miss something. You barely miss something.
Something hits you but does no damage.
Something hits the orc wizard.
You hit the orc wizard.
The orc wizard is severely wounded.
The orc wizard hits you but does no damage.
Something hits you.
You barely miss the orc wizard.
The orc wizard is severely wounded.
Something barely misses you. The orc wizard barely misses you.
You closely miss the orc wizard.
The orc wizard is severely wounded.
The orc wizard closely misses you. Something hits you.
You hit the orc wizard.
The orc wizard is poisoned.
The orc wizard is severely wounded.
The orc wizard points at you and mumbles some strange words.
You are confused.
Something hits you.
* * * LOW HITPOINT WARNING * * *
You bump into the rock wall.
The orc wizard hits you with a +0 dagger.
* * * LOW HITPOINT WARNING * * *
Something barely misses you.
It was a potion of degeneration.
There was something very wrong with that liquid.
You feel weakened.
You feel dopey.
You feel clumsy.
The orc wizard hits you with a +0 dagger.
* * * LOW HITPOINT WARNING * * *
Something hits you.
* * * LOW HITPOINT WARNING * * *
It was a potion of attraction.
You feel attractive to monsters.
The orc wizard points at you and mumbles some strange words.
The puff of flame hits you!
You die...

##.# ............... ...## .....
#.##........# #...####
.....###.##........# #......#
.#........†........# #......#
.........†.....†...######.#....#
......................(........#
###....†......##..#######......#
#.>.........{##.#######....#..
...^..........o@..........[#.##.
.........#########.#####<....##.
.......... #.# #......##.
.......... ###..###......##.
..#..###.## ..............##.
##. ... .................
###....#......### ∆ ∆
##...##.#....#.#
....###.....##.##


You could see an orc wizard (very poisoned).

Vanquished Creatures
  Sigmund (D:3)
  A phantom (D:3)
  Crazy Yiuf (D:2)
  3 adders
  A worm (D:2)
  A dart slug (D:1)
  2 orcs (D:3)
  6 bats
  6 endoplasms
  8 goblins
  4 hobgoblins
  2 jackals (D:2)
  12 kobolds
  2 quokkas (D:1)
  6 ball pythons
  5 frilled lizards
  9 rats
70 creatures vanquished.

Vanquished Creatures (others)
  15 plants (D:1)
15 creatures vanquished.

Grand Total: 85 creatures vanquished

Notes
Turn   | Place    | Note
-------+----------+-------------------------------------------
     0 | D:1      | Geeful the Gnoll Earth Elementalist began the quest for the
                  | Orb.
     0 | D:1      | Reached XP level 1. HP: 13/13 MP: 6/6
   271 | D:1      | Reached XP level 2. HP: 18/19 MP: 7/7
  1099 | D:1      | Reached XP level 3. HP: 25/25 MP: 7/9
  1154 | D:1      | Reached skill level 5 in Spellcasting
  1211 | D:1      | You fall into a shaft and drop 1 floor!
  1835 | D:2      | Found a faded altar of an unknown god.
  1837 | D:2      | Reached skill level 1 in Invocations
  1990 | D:2      | Prayed at the altar of an unknown god.
  1990 | D:2      | Became a worshipper of Cheibriados the Contemplative
  1990 | D:2      | Reached * piety under Cheibriados
  2014 | D:2      | Reached skill level 1 in Fighting
  2014 | D:2      | Reached skill level 1 in Short Blades
  2014 | D:2      | Reached skill level 1 in Long Blades
  2014 | D:2      | Reached skill level 1 in Axes
  2014 | D:2      | Reached skill level 1 in Maces & Flails
  2014 | D:2      | Reached skill level 1 in Polearms
  2014 | D:2      | Reached skill level 1 in Staves
  2014 | D:2      | Reached skill level 1 in Slings
  2014 | D:2      | Reached skill level 1 in Bows
  2014 | D:2      | Reached skill level 1 in Crossbows
  2014 | D:2      | Reached skill level 1 in Throwing
  2014 | D:2      | Reached skill level 1 in Armour
  2014 | D:2      | Reached skill level 1 in Shields
  2014 | D:2      | Reached skill level 1 in Unarmed Combat
  2014 | D:2      | Reached skill level 1 in Evocations
  2133 | D:2      | Reached XP level 4. HP: 31/32 MP: 8/11
  2309 | D:2      | Found a runed translucent door.
  2310 | D:2      | Noticed Crazy Yiuf
  2316 | D:2      | Killed Crazy Yiuf
  2317 | D:2      | Reached skill level 1 in Conjurations
  2317 | D:2      | Reached skill level 1 in Hexes
  2317 | D:2      | Reached skill level 1 in Summonings
  2317 | D:2      | Reached skill level 1 in Necromancy
  2317 | D:2      | Reached skill level 1 in Translocations
  2317 | D:2      | Reached skill level 1 in Fire Magic
  2317 | D:2      | Reached skill level 1 in Ice Magic
  2317 | D:2      | Reached skill level 1 in Air Magic
  2317 | D:2      | Reached skill level 1 in Poison Magic
  2893 | D:2      | Reached ** piety under Cheibriados
  2993 | D:3      | Noticed a phantom
  3000 | D:3      | Noticed Sigmund
  3005 | D:3      | Killed Sigmund
  3006 | D:3      | Reached XP level 5. HP: 16/38 MP: 10/12
  3006 | D:3      | Reached XP level 6. HP: 18/44 MP: 10/13
  3024 | D:3      | Reached skill level 5 in Dodging
  3293 | D:3      | Gained mutation: Your muscles are strong. (Str +2) [potion
                  | of mutation]
  3293 | D:3      | Gained mutation: Your skin changes colour to match your
                  | surroundings (Stealth+). [potion of mutation]
  3319 | D:3      | Killed from afar by an orc wizard

Illustrated notes

Levels and vault maps discovered:
D:1:      noname_arrival_rooms_in_the_neighbourhood, layout_loops_ring,
          lexackson_kobold_supper
D:2:      kennysheep_the_goblin_king, layout_loops_ring,
          ebering_ecumenical_altar_abandoned, uniq_crazy_yiuf_cottage
D:3:      layout_rooms, uniq_sigmund

Skill      XL: |  1  2  3  4  5  6 |
---------------+-------------------+-----
Transmutations | 2 |  2.7
Spellcasting   | 5 |  5.4
Invocations    | 1 2 |  2.2
Fighting       | 1 2 |  2.0
Short Blades   | 1 2 |  2.0
Long Blades    | 1 2 |  2.0
Axes           | 1 2 |  2.0
Maces & Flails | 1 2 |  2.0
Polearms       | 1 2 |  2.0
Staves         | 1 2 |  2.0
Slings         | 1 2 |  2.0
Bows           | 1 2 |  2.0
Crossbows      | 1 2 |  2.0
Throwing       | 1 2 |  2.0
Armour         | 1 2 |  2.0
Shields        | 1 2 |  2.0
Unarmed Combat | 1 2 |  2.0
Evocations     | 1 2 |  2.0
Conjurations   | 1 |  1.6
Hexes          | 1 |  1.6
Summonings     | 1 |  1.6
Necromancy     | 1 |  1.6
Translocations | 1 |  1.6
Fire Magic     | 1 |  1.6
Ice Magic      | 1 |  1.6
Air Magic      | 1 |  1.6
Poison Magic   | 1 |  1.6
Dodging        | 5 |  5.0
Stealth        | |  4.6
Earth Magic    | |  5.7

Action                   |  1- 3 |  4- 6 || total
-------------------------+-------+-------++-------
Melee: Unarmed           |    21 |       ||    21
       Short sword       |    94 |    10 ||   104
       Bite              |     9 |     6 ||    15
       Punch             |     2 |       ||     2
       Dagger            |       |    35 ||    35
 Cast: Sandblast         |    30 |    17 ||    47
  Use: Potion            |       |     5 ||     5
 Stab: Sleeping          |     9 |     3 ||    12
Armor: Robe              |    26 |    10 ||    36
Dodge: Dodged            |   103 |    55 ||   158

Table legend: (Time is in decaauts)
 A = Elapsed time spent in this place.
 B = Non-inter-level travel time spent in this place.
 C = Inter-level travel time spent in this place.
 D = Time resting spent in this place.
 E = Time spent auto-exploring this place.
 F = Levels seen in this place.
 G = Mean time per level.
                   A        B        C        D        E       F      G
               +--------+--------+--------+--------+--------+-----+--------+
         Total |   3543 |   3478 |     65 |     42 |   2691 |   3 | 1181.0 |
       Dungeon |   3543 |   3478 |     65 |     42 |   2691 |   3 | 1181.0 |
               +--------+--------+--------+--------+--------+-----+--------+

Top non-repeatable levels by time:
     D:2: 1849 daAuts
     D:1: 1499 daAuts
     D:3: 194 daAuts
